AoeStats
← Mr. Penis

African Clearing

504246336Analyzed
4v4 RM · 27d ago on Sep 4, 2026· 66m 47s· 8 players
Game mode
Random Map
Map size
Large (8 player)
Population
200
Speed
Normal
Resources
Standard
Victory
Conquest
Starting age
Dark Age
Ending age
Imperial Age
RankedLock teamsTeams togetherTeam positionsShared explorationLock speedFull tech treeHidden civsTurbo modeCheats
Victory
Defeat
🇨🇳 Mongols · China
1212
+14
🇨🇳 Slavs · China
1203
+14
🇦🇷 Huns · Argentina
1192
+14
🇭🇰 Cumans · Hong Kong SAR China
1113
+19
🇷🇺 Jurchens · Russia
1176
-16
🇨🇿 Vietnamese · Czechia
1155
-15
🇫🇷 Persians · France
1153
-15
🇻🇳 Teutons · Vietnam
1152
-15
CzechNoris
15:42 Feudal Age
14:58 Loom
16:13 Double-Bit Axe
18:13 Fishing Lines
20:03 Horse Collar
24:10 Castle Age
23:22 Fletching
23:59 Padded Archer Armor
25:58 Bodkin Arrow
25:57 Gold Mining
27:18 Wheelbarrow
28:49 Leather Archer Armor
28:48 Gillnets
29:23 Ballistics
30:44 Hand Cart
32:43 Bloodlines
32:33 Husbandry
38:27 Imperial Age
36:15 Town Watch
39:34 Bracer
42:07 Ring Archer Armor
42:59 Heavy Cavalry Archer
44:27 Chatras
44:50 Thumb Ring
46:43 Bow Saw
46:14 Horse Collar
50:03 Town Patrol
50:23 Scale Barding Armor
50:29 Forging
49:44 Light Cavalry
52:23 Elite Battle Elephant
54:28 Heavy Plow
55:30 Two-Man Saw
54:21 Stone Mining
55:15 Chain Barding Armor
57:32 Crop Rotation
57:34 Paper Money
59:02 Plate Barding Armor
59:02 Iron Casting
62:06 Chemistry
61:12 Siege Engineers
60:47 Treadmill Crane
61:03 Murder Holes
62:59 Stone Shaft Mining
epic
7:59 Loom
18:45 Feudal Age
23:02 Horse Collar
24:11 Double-Bit Axe
28:16 Forging
29:24 Scale Mail Armor
29:51 Fletching
30:43 Wheelbarrow
33:16 Castle Age
31:51 Bloodlines
34:39 Iron Casting
34:04 Pikeman
34:30 Gambesons
34:46 Squires
35:04 Chain Mail Armor
35:39 Bow Saw
35:31 Heavy Plow
36:55 Husbandry
40:36 Caravan
41:07 Gold Mining
47:29 Imperial Age
48:57 Blast Furnace
49:35 Masonry
49:00 Capped Ram
50:13 Halberdier
52:11 Plate Mail Armor
52:18 Conscription
54:02 Crop Rotation
56:23 Chemistry
58:28 Hand Cart
59:22 Architecture
60:03 Elite Skirmisher
62:10 Town Watch
62:31 Murder Holes
66:10 Scale Barding Armor
dongquangthang
2:52 Loom
13:21 Feudal Age
13:59 Double-Bit Axe
16:30 Bloodlines
17:07 Forging
17:03 Scale Barding Armor
18:42 Wheelbarrow
23:39 Castle Age
24:02 Padded Archer Armor
25:15 Leather Archer Armor
26:45 Town Watch
45:59 Imperial Age
45:44 Elite Skirmisher
46:16 Fletching
47:12 Bodkin Arrow
48:47 Conscription
47:55 Imperial Skirmisher
52:08 Gambesons
52:13 Horse Collar
53:39 Chain Barding Armor
54:07 Ring Archer Armor
54:36 Iron Casting
54:25 Masonry
54:23 Cavalier
56:06 Hand Cart
59:48 Blast Furnace
59:25 Plate Barding Armor
61:56 Town Patrol
64:51 Heavy Plow
65:01 Bow Saw
64:43 Gold Mining
64:43 Stone Mining
66:39 Conscription
66:53 Crop Rotation
67:24 Two-Man Saw
67:01 Stone Shaft Mining
Mr. Penis
14:07 Feudal Age
18:45 Castle Age
16:54 Horse Collar
17:00 Double-Bit Axe
20:56 Bow Saw
27:39 Heavy Plow
28:46 Gold Mining
30:36 Loom
31:26 Wheelbarrow
30:36 Town Watch
31:43 Gold Shaft Mining
30:59 Stone Mining
32:15 Fervor
31:58 Stone Mining
34:38 Stone Shaft Mining
35:04 Hand Cart
34:49 Town Patrol
35:01 Town Patrol
36:36 Sanctity
39:31 Imperial Age
38:08 Siege Engineers
38:24 Ballistics
42:03 Coinage
42:06 Fortified Bastions
42:18 Fletching
44:26 Crop Rotation
44:56 Two-Man Saw
44:32 Masonry
49:01 Chemistry
48:32 Architecture
47:42 Treadmill Crane
51:42 Murder Holes
51:58 Fortified Wall
51:33 Arrowslits
53:33 Guilds
53:55 Banking
62:01 Pikeman
62:56 Scale Mail Armor
63:06 Forging
63:32 Squires
63:32 Bodkin Arrow
63:36 Halberdier
66:33 Conscription
66:50 Hoardings
66:39 Chain Mail Armor
66:59 Iron Casting
不明步行下體
14:42 Feudal Age
15:42 Double-Bit Axe
19:28 Castle Age
19:16 Scale Barding Armor
19:22 Forging
20:26 Bow Saw
23:28 Bloodlines
23:51 Horse Collar
23:59 Loom
26:12 Chain Barding Armor
30:37 Iron Casting
33:34 Heavy Plow
36:28 Wheelbarrow
35:38 Town Watch
36:04 Gold Mining
37:22 Gold Shaft Mining
36:38 Stone Mining
40:12 Imperial Age
38:18 Ballistics
39:47 Hand Cart
39:32 Town Patrol
43:04 Cavalier
44:23 Plate Barding Armor
44:48 Blast Furnace
44:50 Conscription
44:31 Steppe Husbandry
44:32 Cuman Mercenaries
45:11 Hoardings
44:58 Paladin
46:05 Onager
47:24 Cuman Mercenaries
51:55 Chemistry
50:51 Murder Holes
52:14 Siege Onager
56:29 Fletching
56:41 Padded Archer Armor
57:45 Light Cavalry
61:26 Hussar
xcfotrp131
5:11 Loom
12:22 Feudal Age
14:29 Double-Bit Axe
16:46 Castle Age
16:30 Stone Mining
23:50 Fletching
31:09 Horse Collar
32:28 Wheelbarrow
37:02 Gold Mining
39:19 Bloodlines
39:10 Husbandry
42:17 Imperial Age
41:21 Padded Archer Armor
41:17 Bodkin Arrow
42:49 Leather Archer Armor
44:10 Bracer
45:26 Ballistics
47:16 Elite Mangudai
49:57 Chemistry
49:11 Heavy Plow
49:27 Bow Saw
49:55 Parthian Tactics
50:04 Conscription
50:32 Thumb Ring
56:25 Gold Shaft Mining
56:52 Hand Cart
57:08 Scale Barding Armor
57:14 Forging
57:25 Light Cavalry
58:27 Chain Barding Armor
58:11 Hussar
60:59 Iron Casting
65:00 Blast Furnace
LDX.Heisi
11:12 Loom
13:04 Feudal Age
15:29 Double-Bit Axe
18:04 Castle Age
16:16 Gold Mining
17:06 Scale Barding Armor
18:24 Forging
22:04 Iron Casting
21:51 Chain Barding Armor
23:05 Bloodlines
24:55 Wheelbarrow
25:01 Husbandry
26:06 Gold Mining
26:17 Town Watch
29:39 Hand Cart
32:12 Stone Mining
35:14 Detinets
36:54 Chain Barding Armor
37:10 Iron Casting
40:12 Imperial Age
42:25 Imperial Age
40:30 Fletching
42:28 Bow Saw
42:05 Horse Collar
44:14 Conscription
45:24 Plate Barding Armor
46:22 Elite Boyar
54:05 Two-Man Saw
55:31 Bodkin Arrow
55:37 Padded Archer Armor
56:42 Heavy Plow
62:03 Druzhina
62:42 Hoardings
67:01 Caravan
68:11 Blast Furnace
Rototom
8:51 Loom
12:52 Feudal Age
13:37 Double-Bit Axe
15:48 Forging
23:48 Castle Age
23:45 Bloodlines
23:29 Fletching
23:42 Padded Archer Armor
24:44 Bow Saw
24:28 Gold Mining
24:24 Horse Collar
28:35 Bodkin Arrow
29:23 Thumb Ring
31:52 Leather Archer Armor
33:36 Gold Shaft Mining
34:50 Wheelbarrow
35:43 Stone Mining
36:05 Husbandry
37:03 Ballistics
37:29 Crossbowman
42:21 Imperial Age
Connection lost

Rejoining the realm…

Still unreachable

The connection could not be restored.

Session expired

The server has moved on; the page needs a fresh start.